 Dungeon Crawl Stone Soup version 0.32-a0-656-g3542139ebd (webtiles) character file.

Game seed: 12196580636680185825

89 CougarLife the Digger (level 4, -2/24 HPs)
             Began as a Gargoyle Earth Elementalist on Mar 8, 2024.
             Was an Initiate of Vehumet.
             Slain by Menkaure (14 damage)
             ... on level 4 of the Dungeon.
             The game lasted 00:04:18 (2783 turns).

CougarLife the Digger (Gargoyle Earth Elementalist) Turns: 2783, Time: 00:04:19

Health: -2/24      AC:  7    Str: 11    XL:     4   Next: 55%
Magic:  2/8        EV: 11    Int: 18    God:    Vehumet [......]
Gold:   89         SH:  0    Dex: 10    Spells: 8/9 levels left

rFire   . . .        (no weapon)
rCold   . . .        (no shield)
rNeg    + . .        a - +0 robe
rPois   ∞            (no helmet)
rElec   +            q - +0 cloak
rCorr   .            (no gloves)
SInv    .            g - +0 pair of boots
Will    .....        (no amulet)
Stlth   ++           (no ring)
HPRegen 0.24/turn    (no ring)
MPRegen 0.11/turn

%: no passive effects
@: no status effects
A: sickness immunity, AC +3, negative energy resistance 1, electricity
resistance, torment resistance 1, petrification resistance
a: Renounce Religion


You were on level 4 of the Dungeon.
You worshipped Vehumet.
Vehumet was noncommittal.
You visited 1 branch of the dungeon, and saw 4 of its levels.

You collected 161 gold pieces.
You spent 72 gold pieces at shops.

Inventory:

Hand Weapons
 c - a +2 vampiric dagger
Armour
 a - a +0 robe (worn)
 g - a +0 pair of boots (worn)
 q - a +0 cloak (worn)
Jewellery
 m - a ring of positive energy
Scrolls
 d - a scroll of butterflies
 f - 2 scrolls of teleportation
 i - 2 scrolls of revelation
 n - a scroll of enchant armour
 r - a scroll of noise
Potions
 b - a potion of magic
 e - a potion of curing
 h - a potion of lignification {unknown}
 j - a potion of mutation {unknown}
 k - a potion of haste {unknown}
 l - a potion of heal wounds {unknown}
 o - a potion of might {unknown}
 p - a potion of degeneration {unknown}


   Skills:
 - Level 1.5 Dodging
 - Level 2.1 Stealth
 + Level 3.0 Spellcasting
 + Level 2.7 Conjurations
 + Level 4.6 Earth Magic


You had 8 spell levels left.
You knew the following spells:

 Your Spells              Type           Power      Damage    Failure   Level
a - Sandblast             Erth           38%        2d10      2%          1

Your spell library contained the following spells:

 Spells                   Type           Power      Damage    Failure   Level
 Passwall                 Erth           19%        N/A       8%          3
 Sting                    Conj/Alch      28%        1d4       10%         1
 Stone Arrow              Conj/Erth      32%        3d9       11%         3
 Apportation              Tloc           4%         N/A       16%         1
 Necrotise                Necr           8%         1d4       16%         1
 Summon Small Mammal      Summ           8%         N/A       16%         1
 Brom's Barrelling Bould  Conj/Erth      16%        2d4       34%         4
 Petrify                  Alch/Erth      11%        N/A       54%         4


Dungeon Overview and Level Annotations

Branches:
Dungeon (4/15)
 Temple: D:4-7

Altars:
Vehumet

Shops:
D:1 [   D:3 ?

Annotations:
D:4 Menkaure


Innate Abilities, Weirdness & Mutations

You are immune to sickness and miasma.
Your stone body is resilient. (AC +3)
You are immune to poison.
You resist negative energy. (rN+)
You are resistant to electric shocks. (rElec)
You are resistant to unholy torment.
You are immune to petrification.


Message History

There are monsters nearby!
The blast of sand hits the ball python!
You kill the ball python!
Vehumet accepts your kill.
Your Spellcasting skill increases to level 3!
The blast of sand misses the kobold.
The kobold closely misses you. The kobold hits you but does no damage.
The blast of sand hits the kobold.
You kill the kobold!
Vehumet accepts your kill.
Unknown command.
Menkaure, Prince of Dust comes into view.
Menkaure calls on the powers of darkness!
Your body is wracked with pain!
You see here a +2 vampiric dagger.
c - a +2 vampiric dagger The blast of sand hits Menkaure!
Menkaure is heavily damaged.
Menkaure whispers, "It doesn't hurt if you pull your brain out of your nose yourself."
The blast of sand hits Menkaure.
Menkaure is severely damaged.
Menkaure mumbles some strange words.
Menkaure seems to speed up.
You hear a shout!
The blast of sand hits Menkaure.
Menkaure is severely damaged.
Menkaure hits you! Menkaure barely misses you.
You are too injured to fight recklessly!
You are too injured to fight recklessly!
You are too injured to fight recklessly!
Casting: Sandblast (safe; 2% risk of failure)
Confirm with . or Enter, or press ? or * to list all spells.
Aiming: Sandblast (safe; 2% risk of failure)
Press: ? - help, Shift-Dir - straight line, f/p - Menkaure
Aim: Menkaure (severely damaged, fast, 91% to hit)
The blast of sand hits Menkaure but does no damage.
Menkaure is severely damaged.
Menkaure closely misses you. Menkaure hits you!
Ouch! That really hurt!
You die...

#.# ### #.# ..
#.# ####.####
#.#
........####.#
........#....##
........#....<#
......M.#....##
#@#....##
#.......#
#.......#
#?.......#
#...........#
#..#......###
#.>.#......#
##..#......#
#..#........


You could see Menkaure (fast).

Vanquished Creatures
  4 adders
  A dart slug (D:3)
  2 ribbon worms
  2 orcs (D:3)
  5 bats
  5 endoplasms
  3 giant cockroaches (D:1)
  2 goblins
  A hobgoblin (D:2)
  5 kobolds
  3 quokkas
  5 ball pythons
  A frilled lizard (D:3)
  5 rats
44 creatures vanquished.

Notes
Turn   | Place    | Note
-------+----------+-------------------------------------------
     0 | D:1      | CougarLife the Gargoyle Earth Elementalist began the quest
                  | for the Orb.
     0 | D:1      | Reached XP level 1. HP: 10/10 MP: 3/3
   200 | D:1      | Reached XP level 2. HP: 15/15 MP: 3/5
   289 | D:1      | Found Burrifae's Armour Shop.
   442 | D:1      | Reached skill level 4 in Earth Magic
   922 | D:2      | Reached XP level 3. HP: 16/19 MP: 3/6
  1627 | D:2      | Reached XP level 4. HP: 24/24 MP: 6/8
  1651 | D:2      | You fall into a shaft and drop 1 floor!
  2269 | D:3      | Found a radiant altar of Vehumet.
  2280 | D:3      | Became a worshipper of Vehumet
  2575 | D:3      | Found Qotomy's Magic Scroll Boutique.
  2583 | D:3      | Bought a scroll of identify for 24 gold pieces
  2583 | D:3      | Bought a scroll of identify for 24 gold pieces
  2583 | D:3      | Bought a scroll of identify for 24 gold pieces
  2778 | D:4      | Noticed Menkaure
  2783 | D:4      | Slain by Menkaure

Illustrated notes

Levels and vault maps discovered:
D:1:      amcnicky_arrival_single_pillar, layout_loops_ring, serial_shops, shop,
          nrook_mini_vaults
D:2:      layout_basic
D:3:      layout_loops_cross, mainiacjoe_overflow_paths, serial_shops, shop,
          minivault_5, amcnicky_mini_pool_small
D:4:      layout_basic, nicolae_overflow_crystal_walls,
          minmay_temple_entry_stoned_glass, serial_corexii_hall,
          chequers_hall_statues_y, chequers_hall_statues_corner_a,
          minmay_pentomino_pile, uniq_menkaure

Skill      XL: |  1  2  3  4 |
---------------+-------------+-----
Earth Magic    | 4 |  4.6
Conjurations   | 2 |  2.7
Spellcasting   | 3 |  3.0
Dodging        | |  1.5
Stealth        | |  2.1

Action                     |  1- 3 |  4- 6 || total
---------------------------+-------+-------++-------
  Melee: Unarmed           |     3 |     1 ||     4
         Punch             |     1 |       ||     1
   Cast: Sandblast         |    34 |    32 ||    66
    Use: Scroll            |       |     6 ||     6
 Armour: Robe              |     7 |    10 ||    17
  Dodge: Dodged            |    12 |    11 ||    23

Table legend: (Time is in decaauts)
 A = Elapsed time spent in this place.
 B = Non-inter-level travel time spent in this place.
 C = Inter-level travel time spent in this place.
 D = Time resting spent in this place.
 E = Time spent auto-exploring this place.
 F = Levels seen in this place.
 G = Mean time per level.
                   A        B        C        D        E       F      G
               +--------+--------+--------+--------+--------+-----+--------+
         Total |   2814 |   2655 |    159 |     60 |   2307 |   4 |  703.5 |
       Dungeon |   2814 |   2655 |    159 |     60 |   2307 |   4 |  703.5 |
               +--------+--------+--------+--------+--------+-----+--------+

Top non-repeatable levels by time:
     D:2: 1050 daAuts
     D:1: 900 daAuts
     D:3: 821 daAuts
     D:4: 42 daAuts
